 Dungeon Crawl Stone Soup version 0.23.2-40-g277498a001 (webtiles) character file.

Game seed: 17414449515223255436

144 Descartes the Skirmisher (level 5, -9/26 HPs)
             Began as a Felid Wanderer on Oct 13, 2019.
             Killed by divine providence
             ... invoked by an orc priest
              (10 damage)
             ... on level 3 of the Dungeon.
             The game lasted 00:04:26 (3321 turns).

Descartes the Skirmisher (Felid Wanderer)           Turns: 3321, Time: 00:04:27

Health: -9/26      AC:  1    Str:  8    XL:     5   Next: 5%
Magic:  6/6        EV: 19    Int: 13    God:
Gold:   84         SH:  0    Dex: 17    Spells: 4/4 levels left
                                        Lives:  0   Deaths: 1

rFire    . . .     SeeInvis +     - Unarmed
rCold    . . .     Gourm    .   (shield unavailable)
rNeg     . . .     Faith    .   (armour unavailable)
rPois    .         Spirit   .   (helmet unavailable)
rElec    .         Reflect  .   (cloak unavailable)
rCorr    .         Harm     .   (gloves unavailable)
MR       .....                  (boots unavailable)
Stlth    +++.......             (no amulet)
HPRegen  0.08/turn              (no ring)
MPRegen  0.10/turn              (no ring)

@: quick
A: very small, no armour, no weapons or thrown items, stealth, claws 1, fangs 3,
see invisible, carnivore, speed 1, shaggy fur 1, slow metabolism 1, sharp paws
a: no special abilities


You were on level 3 of the Dungeon.
You were completely stuffed.

You visited 1 branch of the dungeon, and saw 3 of its levels.

You collected 84 gold pieces.

Inventory:

Missiles
 g - 36 arrows
 j - 119 stones
Scrolls
 a - a scroll of blinking
 b - 2 scrolls of fear
 e - a scroll of teleportation {unknown}
 h - 2 scrolls of identify {unknown}
 i - a scroll of enchant weapon {unknown}
 l - a scroll of remove curse {unknown}
 m - 2 scrolls of magic mapping {unknown}
Potions
 c - a potion of lignification
 d - a potion of curing
Comestibles
 f - 3 rations
 k - 5 chunks of flesh


   Skills:
 + Level 5.3 Fighting
 * Level 3.6 Dodging
 * Level 4.9 Stealth
 * Level 3.5 Unarmed Combat


You had 4 spell levels left.
You didn't know any spells.
Your spell library was empty.

Dungeon Overview and Level Annotations

Branches:
Dungeon (3/15)

Altars:

Annotations:
D:2 Crazy Yiuf


Innate Abilities, Weirdness & Mutations

You cannot wear armour.
You are incapable of wielding weapons or throwing items.
Your paws allow you to move quietly. (Stealth)
You have sharp claws.
You have razor-sharp teeth.
You have supernaturally acute eyesight. (SInv)
You are carnivorous and can eat meat at any time.
You cover ground quickly.
You are covered in fur. (AC +1)
You have a slow metabolism.
Your sharp claws are effective at attacking unaware monsters.


Message History

You scratch the orc priest.
The orc priest is moderately wounded.
A bat comes into view.
The orc priest invokes the aid of Beogh against you.
Beogh smites you!
Ouch! That really hurt!
The orc completely misses you.
The orc priest calls down the wrath of Beogh upon you.
Pain shoots through your body!
* * * LOW HITPOINT WARNING * * *
The orc wizard mumbles some strange words.
The orc wizard blinks!
The bat closely misses you. The bat closely misses you.
Things that are here:
a +0 club; a +0 dagger The bat closely misses you. x2
The orc priest invokes the aid of Beogh against you.
Beogh smites you!
You die...

.............#
.......ยง.....
...........####
...............
...........#########
........oo.##......#########
...........+...............#
..........o###.###.#######.#
...).......o)b@.)..........#
............##.###.#########
..........#.##.# #.#
..........#.##.# #.# ######
.........##.##.# #.# #<)..#
#.######.##.##.# #.# ####.#
.....##.###.#######.# ##.
####.............#
#########.#########


You could see an orc priest, an orc and a bat.

Vanquished Creatures
  A jelly (D:2)
  A centaur skeleton (D:2)
  7 adders
  An ooze (D:2)
  A worm (D:2)
  2 dart slugs
  A leopard gecko (D:2)
  3 ball pythons
  3 bats
  4 giant cockroaches
  5 goblins
  10 hobgoblins
  4 jackals (D:1)
  4 frilled lizards
  4 kobolds
  5 rats
56 creatures vanquished.

Notes
Turn   | Place    | Note
-------+----------+-------------------------------------------
     0 | D:1      | Descartes the Felid Wanderer began the quest for the Orb.
     0 | D:1      | Descartes set off with the following items: a scroll of
                  | blinking, a scroll of fear, a potion of lignification, a
                  | potion of curing, a ration
     0 | D:1      | Reached XP level 1. HP: 12/12 MP: 2/2
   168 | D:1      | Reached XP level 2. HP: 6/16 MP: 3/3
  1073 | D:1      | Reached XP level 3. HP: 11/19 MP: 4/4
  2318 | D:2      | Reached XP level 4. HP: 23/23 MP: 5/5
  2370 | D:2      | Found a runed translucent door.
  2371 | D:2      | Noticed Crazy Yiuf
  2378 | D:2      | HP: 1/23 [Crazy Yiuf/+3 quarterstaff of chaos (2)]
  2379 | D:2      | Succumbed to Crazy Yiuf's poison
  2380 | D:2      | Reached XP level 3. HP: 0/19 MP: 4/4
  2711 | D:2      | Reached XP level 4. HP: 23/23 MP: 5/5
  3104 | D:3      | Reached XP level 5. HP: 17/26 MP: 6/6
  3315 | D:3      | HP: 1/26 [orc priest/nerve-wracking pain (12)]
  3321 | D:3      | Killed from afar by an orc priest

Skill      XL: |  1  2  3 |
---------------+----------+-----
Stealth        | 3 4 |  4.9
Dodging        | 2 3 |  3.6
Unarmed Combat | 3 |  3.5
Fighting       | |  5.3

Action                   |  1- 3 |  4- 6 || total
-------------------------+-------+-------++-------
Melee: Unarmed           |   144 |    37 ||   181
       Bite              |    12 |     2 ||    14
       Punch             |     3 |       ||     3
 Stab: Sleeping          |    10 |     3 ||    13
  Eat: Chunk             |    16 |     1 ||    17
Armor: Skin              |     4 |     2 ||     6
Dodge: Dodged            |    89 |    37 ||   126
